 Dungeon Sprint DCSS version 0.30.1-11-g7821555f0a (webtiles) character file.

Game seed: 8065065265095182294

40248 Groucho the Devastator (level 13, -2/98 HPs)
             Began as a Deep Elf Earth Elementalist on Jan 3, 2024.
             Was the Champion of Sif Muna.
             Slain by a vampire knight
             ... wielding the +0 battleaxe of Valour {speed, *Rage rN+ Str+3 Dex+4}
              (4 damage)
             ... in the Dungeon (Sprint VII: "The Pits").
             The game lasted 00:51:25 (21236 turns).

Groucho the Devastator (DEEE)                      Turns: 21236, Time: 00:51:25

Health: -2/98      AC: 32    Str:  5    XL:     13   Next: 73%
Magic:  4/37       EV: 17    Int: 29    God:    Sif Muna [******]
Gold:   37         SH:  0    Dex: 15    Spells: 5/48 levels left

rFire   . . .        h - +2 dagger
rCold   . . .        (no shield)
rNeg    + . .        D - melded +0 acid dragon scales
rPois   ∞            (no helmet)
rElec   +            (no cloak)
rCorr   .            t - melded +0 pair of gloves
SInv    .            a - melded +1 pair of boots
Will    +....        (no amulet)
Stlth   +++++        m - +3 ring of intelligence
HPRegen 0.36/turn    n - +3 ring of protection
MPRegen 0.25/turn

%: no teleportation
@: statue-form, very slow
A: slow and powerful, torment resistance 1, boosted hp
a: End Transformation, Renounce Religion, Channel Magic, Forget Spell, Divine
Exegesis


You were in the Dungeon.
You worshipped Sif Muna.
Sif Muna was exalted by your worship.
You were a living statue of rough stone.
You visited 1 branch You collected 37 gold pieces.

Inventory:

Hand Weapons
 e - the +7 captain's cutlass {speed, disarm}
   (You found it in the Dungeon)
 h - a +2 dagger (weapon)
 r - a +2 rapier of venom
 v - the +10 dagger of Revolt {heavy, Will+ Str+4 Dex+4}
   (You found it in the Dungeon)

   Str:       It affects your strength (+4).
   Dex:       It affects your dexterity (+4).
   Will:      It increases your willpower.
Armour
 a - a +1 pair of boots (melded)
 t - a +0 pair of gloves (melded)
 D - +0 acid dragon scales (melded)
Jewellery
 m - a +3 ring of intelligence (left fist)
 n - a +3 ring of protection (right fist)
 s - a +4 ring of slaying
 A - a ring of positive energy
 C - a ring of fire
Wands
 b - a wand of iceblast (7)
 z - a wand of mindburst (8)
 B - a wand of charming (10)
Scrolls
 g - 2 scrolls of identify
 j - 4 scrolls of amnesia
 k - a scroll of fog
 l - 2 scrolls of vulnerability
 u - 4 scrolls of enchant armour
 x - 2 scrolls of enchant weapon
 y - a scroll of fear
Potions
 c - 6 potions of curing
 d - 2 potions of heal wounds
 f - 4 potions of berserk rage
 i - a potion of invisibility
 o - 2 potions of resistance
 p - 2 potions of brilliance
 q - a potion of mutation
 w - 2 potions of might


   Skills:
 - Level 7.0 Fighting
 - Level 10.0 Short Blades
 + Level 7.6 Armour
 - Level 10.0 Dodging
 - Level 13.0 Stealth
 + Level 18.3 Spellcasting
 + Level 19.4 Conjurations
 + Level 13.1 Necromancy
 - Level 10.0 Transmutations
 + Level 11.7 Fire Magic
 + Level 18.3 Earth Magic
 * Level 0.0 Invocations


You had 5 spell levels left.
You knew the following spells:

 Your Spells              Type           Power      Damage    Failure   Level
a - Stone Arrow           Conj/Erth      100%       3d13      0%          3
b - Iron Shot             Conj/Erth      47%        9d9       1%          6
c - Lee's Rapid Deconstr  Erth           46%        3d22*     1%          5
d - Fireball              Conj/Fire      43%        3d17      1%          5
e - Petrify               Tmut/Erth      83%        N/A       1%          4
f - Borgnjor's Vile Clut  Necr/Erth      43%        N/A       1%          5
h - Vampiric Draining     Necr           80%        2d11      1%          3
i - Iskenderun's Battles  Conj           96%        2d14      0%          5
j - Magic Dart            Conj           100%       1d8       0%          1
A - Statue Form           Tmut/Erth      55%        N/A       1%          6

Your spell library contained the following spells:

 Spells                   Type           Power      Damage    Failure   Level
 Kiss of Death            Conj/Necr      100%       2d13      0%          1
 Necrotise                Necr           100%       1d9       0%          1
 Sandblast                Erth           100%       2d20      0%          1
 Passwall                 Tmut/Erth      69%        N/A       0%          2
 Searing Ray              Conj           100%       2d8       0%          2
 Freeze                   Ice            100%       1d10      1%          1
 Cigotuvi's Dreadful Rot  Necr/Pois/Air  100%       N/A       1%          2
 Static Discharge         Conj/Air       100%       2-7/arc   1%          2
 Dazzling Flash           Conj/Hex       100%       N/A       1%          3
 Ignite Poison            Fire/Tmut/Pois 62%        N/A       1%          3
 Inner Flame              Hex/Fire       57%        N/A       1%          3
 Mephitic Cloud           Conj/Pois/Air  59%        N/A       1%          3
 Spider Form              Tmut/Pois      53%        N/A       1%          3
 Animate Armour           Summ/Erth      100%       N/A       1%          4
 Animate Dead             Necr           80%        N/A       1%          4
 Dispel Undead            Necr           80%        3d26      1%          4
 Flame Wave               Conj/Fire      87%        2d19      1%          4
 Fulminant Prism          Conj/Hex       35%        3d17      1%          4
 Iskenderun's Mystic Bla  Conj/Tloc      70%        2d14      1%          4
 Sticky Flame             Conj/Fire      87%        2d10      1%          4
 Agony                    Necr           80%        N/A       1%          5
 Arcjolt                  Conj/Air       35%        1d45      1%          5
 Blade Hands              Tmut           35%        N/A       1%          5
 Irradiate                Conj/Tmut      42%        3d25      1%          5
 Call Imp                 Summ           52%        N/A       2%          2
 Ensorcelled Hibernation  Hex/Ice        52%        N/A       2%          2
 Freezing Cloud           Conj/Ice/Air   29%        6-21      3%          5
 Confusing Touch          Hex            26%        N/A       4%          3
 Ozocubu's Armour         Ice            26%        N/A       4%          3
 Summon Guardian Golem    Hex/Summ       26%        N/A       4%          3
 Vhi's Electric Charge    Tloc/Air       52%        N/A       4%          3
 Alistair's Intoxication  Tmut/Pois      35%        N/A       6%          5
 Yara's Violent Unravell  Hex/Tmut       26%        3d11      6%          5
 Airstrike                Air            13%        2d(2-18)  16%         4
 Olgreb's Toxic Radiance  Pois           26%        N/A       16%         4
 Passage of Golubria      Tloc           26%        N/A       16%         4
 Summon Lightning Spire   Summ/Air       26%        N/A       16%         4
 Silence                  Hex/Air        13%        N/A       41%         5
 Death Channel            Necr           40%        N/A       1%          6
 Starburst                Conj/Fire      43%        6d12      1%          6
 Conjure Ball Lightning   Conj/Air       35%        3x3d11    4%          6
 Lehudib's Crystal Spear  Conj/Erth      47%        10d11     4%          8
 Simulacrum               Ice/Necr       29%        N/A       17%         6
 Dragon Form              Tmut           35%        N/A       22%         7
 Spellforged Servitor     Conj/Summ      35%        N/A       26%         7
 Borgnjor's Revivificati  Necr           40%        N/A       43%         8
 Infestation              Necr           40%        N/A       43%         8
 Shatter                  Erth           46%        3d36*     65%         9
 Necromutation            Tmut/Necr      38%        N/A       67%         8
 Storm Form               Tmut/Air       26%        N/A       87%         7
 Fire Storm               Conj/Fire      43%        8d11      95%         9
 Death's Door             Necr           40%        N/A       100%        9


Dungeon Overview and Level Annotations

Branches:
Dungeon (1/1)

Altars:
Ashenzari
Cheibriados
Dithmenos
Elyvilon
Fedhas
Gozag
Hepliaklqana
Kikubaaqudgha
Makhleb
Nemelex Xobeh
Okawaru
Qazlal
Ru
Sif Muna
Trog
Uskayaw
Vehumet
Wu Jian
Xom
Yredelemnul
Zin
The Shining One
Jiyva
Lugonu


Message History

Unknown command.
Unknown command.
Aiming: Iron Shot (mildly dangerous; 1% risk of failure)
Press: ? - help, Q - select action, (/) - cycle Shift-Dir - straight line, f/p - yaktaur
Aim: a yaktaur, wielding a +1 arbalest of freezing and carrying a wand of charming (3) (severely wounded, 95% to hit)
The iron shot hits the yaktaur!!
You kill the yaktaur!
Sif Muna accepts your kill.
You hear a shout!
The vampire knight casts a spell.
The vampire knight flickers and vanishes!
Deactivating autopickup; reactivate with Ctrl-A.
Unknown command.
Unknown command.
Aiming: Iron Shot (mildly dangerous; 1% risk of failure)
Press: ? - help, Q - select action, (/) - cycle Shift-Dir - straight line The iron shot hits something!!!
You feel less invigorated.
You hear some strange, mumbled words.
A kobold brigand comes into view.
It is wielding a +0 great sword and quivering curare-tipped darts.
Something hits you!
* * * LOW HITPOINT WARNING * * *
Something bites you but does no damage.
Unknown command.
Unknown command.
Unknown command.
Aiming: Iron Shot (mildly dangerous; 1% risk of failure)
Press: ? - help, Q - select action, (/) - cycle Shift-Dir - straight line, f - kobold brigand
Aim: a kobold brigand, wielding a +0 great sword and quivering curare-tipped darts (translocational energy, 72% to hit)
The iron shot hits the kobold brigand!!!
You kill the kobold brigand!
Sif Muna accepts your kill.
You see here Kaffe's Grimoire of Transmuted Concussion {god gift}.
Sif Muna grants you a gift! Something hits you!
* * * LOW HITPOINT WARNING * * *
Something bites you.
* * * LOW HITPOINT WARNING * * *
Something hits you but does no damage. Something bites you.
You die...

+..#....#..# +..........#
#..........#
####################..#....#..#
..................''..........#
..................''..........#
################..##..#....#..# #
#)#..##..........+ #
#†8.##..........+ #
#§#.†####''####''# # #.
#..####')####''### # #.
#..##......##).)..
################..##.#'##.##.....
..................##.#[.'.##.)###
..................##.'.|#.##.)#))
#######++###########.#..'.##))#))
#######++###########.'.)#.##..#..


There were no monsters in sight!

Vanquished Creatures
  A deep elf blademaster (D)
  A storm dragon (D)
  2 orc warlords (D)
  An angel (D)
  A spriggan defender (D)
  A black draconian (D)
  A deep elf demonologist (D)
  A vampire knight (D)
  An eidolon (D)
  Josephine (D)
  A yaktaur captain (D)
  3 vault guards (D)
  A catoblepas (D)
  A boulder beetle (D)
  2 naga warriors (D)
  4 death yaks (D)
  2 vampire magi (D)
  Urug (D)
  3 deep elf knights (D)
  A large abomination (D)
  A sea snake (D)
  6 skeletal warriors (D)
  A deep troll (D)
  A wizard (D)
  A flayed ghost (D)
  A bog body (D)
  3 harpies (D)
  8 orc knights (D)
  A manticore (D)
  A black mamba (D)
  An eye of devastation (D)
  An orange demon (D)
  A cane toad (D)
  A kobold demonologist (D)
  A yaktaur (D)
  2 komodo dragons (D)
  An efreet (D)
  A rime drake (D)
  An ice devil (D)
  2 hellwings (D)
  2 tarantellas (D)
  2 merfolk (D)
  4 blink frogs (D)
  An air elemental (D)
  4 wraiths (D)
  A ynoxinul (D)
  A flying skull (D)
  A shadow (D)
  A basilisk (D)
  A chaos spawn (D)
  A neqoxec (D)
  6 vampire mosquitoes (D)
  A warg (D)
  Grum (D)
  2 acid dragons (D)
  A floating eye (D)
  A black bear (D)
  A sky beast (D)
  A centaur (D)
  An ogre (D)
  8 wolves (D)
  A phantom (D)
  2 kobold brigands (D)
  3 necrophages (D)
  A bullfrog (D)
  A scorpion (D)
  4 wights (D)
  A quasit (D)
  A gnoll bouda (D)
  An orc priest (D)
  Ijyb (D)
  2 hell rats (D)
  A mummy (D)
  5 gnolls (D)
  2 river rats (D)
  An ufetubus (D)
  A worm (D)
  4 orcs (D)
  2 bat skeletons (D)
  An endoplasm (D)
  A hobgoblin (D)
  2 kobolds (D)
  A ball python (D)
  2 bats (D)
149 creatures vanquished.

Notes
Turn   | Place    | Note
-------+----------+-------------------------------------------
     0 | D        | Groucho the Deep Elf Earth Elementalist began the quest for
                  | the Orb.
     0 | D        | Reached XP level 1. HP: 10/10 MP: 6/6
    42 | D        | Found a glowing golden altar of the Shining One.
    42 | D        | Found a glowing silver altar of Zin.
    42 | D        | Found a basalt altar of Yredelemnul.
    42 | D        | Found a shimmering altar of Xom.
    42 | D        | Found an ornate altar of the Wu Jian Council.
    42 | D        | Found a bloodstained altar of Trog.
    42 | D        | Found a shimmering blue altar of Sif Muna.
    42 | D        | Found a sacrificial altar of Ru.
    42 | D        | Found a stormy altar of Qazlal.
    42 | D        | Found an iron altar of Okawaru.
    42 | D        | Found a sparkling altar of Nemelex Xobeh.
    42 | D        | Found a burning altar of Makhleb.
    42 | D        | Found a viscous altar of Jiyva.
    42 | D        | Found a hazy altar of Hepliaklqana.
    42 | D        | Found an opulent altar of Gozag.
    42 | D        | Found a blossoming altar of Fedhas.
    42 | D        | Found a white marble altar of Elyvilon.
    42 | D        | Found a shadowy altar of Dithmenos.
    42 | D        | Found a snail-covered altar of Cheibriados.
    43 | D        | Found a radiant altar of Vehumet.
    43 | D        | Found a corrupted altar of Lugonu.
    44 | D        | Found an ancient bone altar of Kikubaaqudgha.
    44 | D        | Found a hide-covered altar of Uskayaw.
    44 | D        | Found a broken altar of Ashenzari.
    45 | D        | Became a worshipper of Sif Muna the Loreminder
    52 | D        | Noticed a floating eye
    54 | D        | Killed a floating eye
    55 | D        | Reached skill level 5 in Spellcasting
    55 | D        | Reached skill level 3 in Conjurations
    55 | D        | Reached skill level 5 in Earth Magic
    55 | D        | Reached XP level 2. HP: 17/17 MP: 5/10
    55 | D        | Reached XP level 3. HP: 21/21 MP: 5/11
    55 | D        | Reached XP level 4. HP: 26/26 MP: 5/13
    59 | D        | Learned a level 3 spell: Stone Arrow
    64 | D        | Learned a level 4 spell: Petrify
   295 | D        | Reached * piety under Sif Muna
   296 | D        | Reached skill level 5 in Stealth
   470 | D        | Noticed a necrophage
   475 | D        | Killed a necrophage
   475 | D        | Reached ** piety under Sif Muna
   476 | D        | Reached skill level 4 in Conjurations
   476 | D        | Reached XP level 5. HP: 27/30 MP: 9/15
  1201 | D        | Noticed a wolf
  1202 | D        | Noticed a sky beast
  1211 | D        | Killed a wolf
  1212 | D        | Reached skill level 5 in Conjurations
  1212 | D        | Reached skill level 5 in Transmutations
  1212 | D        | Reached XP level 6. HP: 18/35 MP: 3/18
  1402 | D        | Reached skill level 5 in Short Blades
  1434 | D        | Reached *** piety under Sif Muna
  1435 | D        | Reached skill level 6 in Conjurations
  1510 | D        | Killed a sky beast
  1618 | D        | Reached **** piety under Sif Muna
  1619 | D        | Reached XP level 7. HP: 40/40 MP: 14/21
  1882 | D        | Noticed a blink frog
  1885 | D        | Killed a blink frog
  1886 | D        | Reached skill level 7 in Conjurations
  2322 | D        | Reached ***** piety under Sif Muna
  2632 | D        | Noticed an ice devil
  2642 | D        | Killed an ice devil
  2643 | D        | Reached skill level 10 in Spellcasting
  2643 | D        | Reached skill level 8 in Conjurations
  2643 | D        | Reached skill level 10 in Earth Magic
  2643 | D        | Reached XP level 8. HP: 45/45 MP: 10/24
  2955 | D        | Received a gift from Sif Muna
  2956 | D        | Got Sif Muna's Parchment of Iniquitous Secrets and Hurting
                  | {god gift}
  2962 | D        | Learned a level 3 spell: Vampiric Draining
  3172 | D        | Noticed a merfolk
  3178 | D        | Killed a merfolk
  3179 | D        | Reached skill level 1 in Necromancy
  3670 | D        | Noticed a komodo dragon
  3679 | D        | Killed a komodo dragon
  3680 | D        | Reached skill level 9 in Conjurations
  4116 | D        | Reached XP level 9. HP: 14/52 MP: 16/26
  4506 | D        | Noticed a hellwing
  4512 | D        | Killed a hellwing
  4777 | D        | Received a gift from Sif Muna
  5040 | D        | Got Sif Muna's Cyclopedia of Damage and Chilblains {god
                  | gift}
  5043 | D        | Reached skill level 5 in Necromancy
  5236 | D        | Reached skill level 10 in Stealth
  5236 | D        | Reached skill level 10 in Conjurations
  5472 | D        | Reached skill level 5 in Fighting
  5835 | D        | Noticed a deep troll
  5843 | D        | Killed a deep troll
  5843 | D        | Received a gift from Sif Muna
  5844 | D        | Reached skill level 11 in Conjurations
  5852 | D        | Learned a level 6 spell: Iron Shot
  5858 | D        | Learned a level 5 spell: Iskenderun's Battlesphere
  5860 | D        | Learned a level 1 spell: Magic Dart
  5868 | D        | Reached XP level 10. HP: 37/59 MP: 18/28
  5873 | D        | Noticed an eye of devastation
  5886 | D        | Killed an eye of devastation
  5890 | D        | Noticed a flayed ghost
  5911 | D        | Received a gift from Sif Muna
  5930 | D        | Reached skill level 10 in Transmutations
  6250 | D        | Noticed a boulder beetle
  6251 | D        | Noticed Josephine
  6279 | D        | Killed a boulder beetle
  6280 | D        | Reached skill level 12 in Conjurations
  6530 | D        | Killed a flayed ghost
  6530 | D        | Received a gift from Sif Muna
  6535 | D        | Reached skill level 13 in Conjurations
  6537 | D        | Killed Josephine
  6538 | D        | Reached skill level 14 in Conjurations
  6538 | D        | Reached ****** piety under Sif Muna
  6540 | D        | Received a gift from Sif Muna
  6541 | D        | Got Sif Muna's Elucidation of the Boulder and Bombardment
                  | {god gift}
  6541 | D        | Noticed a cane toad
  6550 | D        | Killed a cane toad
  6551 | D        | Reached skill level 15 in Conjurations
  6814 | D        | Reached XP level 11. HP: 63/63 MP: 15/31
  7397 | D        | Received a gift from Sif Muna
  7401 | D        | Reached skill level 16 in Conjurations
  7401 | D        | Got Gawel's Directory of the Shapeshifter {god gift}
  7408 | D        | Learned a level 5 spell: Fireball
  7415 | D        | Learned a level 6 spell: Statue Form
  7734 | D        | Noticed a skeletal warrior
  7734 | D        | Noticed a skeletal warrior
  7734 | D        | Noticed Grum
  7751 | D        | Killed a skeletal warrior
  7752 | D        | Reached skill level 1 in Fire Magic
  7973 | D        | Noticed Ijyb
  7978 | D        | Killed Ijyb
  7978 | D        | Received a gift from Sif Muna
  7979 | D        | Got Rorriuffaox's Collected Works on Bloody Bewitchment
                  | {god gift}
  8238 | D        | Killed Grum
  8440 | D        | Noticed a skeletal warrior
  8442 | D        | Killed a skeletal warrior
  8443 | D        | Reached skill level 15 in Earth Magic
  8456 | D        | Killed a skeletal warrior
  8457 | D        | Reached skill level 5 in Dodging
  8467 | D        | Received a gift from Sif Muna
  8468 | D        | Got Sif Muna's Dissertation on the Grave {god gift}
  8717 | D        | Noticed Urug
  8721 | D        | Killed Urug
  8811 | D        | Noticed a catoblepas
  9190 | D        | Killed a catoblepas
  9452 | D        | Noticed a bog body
  9454 | D        | Killed a bog body
  9455 | D        | Reached skill level 5 in Fire Magic
  9458 | D        | Received a gift from Sif Muna
  9878 | D        | Noticed a vampire knight
  9995 | D        | Killed a vampire knight
 10375 | D        | Noticed a large abomination
 10386 | D        | Received a gift from Sif Muna
 10387 | D        | Killed a large abomination
 10923 | D        | Noticed a vampire mage
 10936 | D        | Killed a vampire mage
 10937 | D        | Reached skill level 17 in Conjurations
 10937 | D        | Reached XP level 12. HP: 61/71 MP: 8/32
 11344 | D        | Learned a level 5 spell: Borgnjor's Vile Clutch
 11356 | D        | Noticed an eidolon
 11361 | D        | Killed an eidolon
 11361 | D        | Received a gift from Sif Muna
 11368 | D        | Got Sif Muna's Compilation of Tectonic Bodies {god gift}
 11890 | D        | Noticed a vampire mage
 12022 | D        | Killed a vampire mage
 12320 | D        | Noticed an orc warlord
 12348 | D        | Reached skill level 1 in Armour
 12421 | D        | Noticed an orc warlord
 12431 | D        | Killed an orc warlord
 12894 | D        | Received a gift from Sif Muna
 12973 | D        | Reached skill level 15 in Spellcasting
 13335 | D        | Got Rosesmir's Reference Book on Rocky Gases {god gift}
 13956 | D        | Killed an orc warlord
 13957 | D        | Reached skill level 10 in Short Blades
 15579 | D        | Noticed a vault guard
 15579 | D        | Noticed a naga warrior
 15579 | D        | Noticed a vault guard
 15713 | D        | Killed a naga warrior
 15824 | D        | Received a gift from Sif Muna
 15825 | D        | Got Sif Muna's Tractate on Assaults {god gift}
 15843 | D        | Killed a vault guard
 16141 | D        | Noticed a black draconian
 16147 | D        | Killed a black draconian
 16148 | D        | Reached skill level 10 in Dodging
 16148 | D        | Reached skill level 10 in Necromancy
 16314 | D        | Learned a level 5 spell: Lee's Rapid Deconstruction
 16574 | D        | Reached skill level 18 in Conjurations
 16755 | D        | Killed a vault guard
 17525 | D        | Noticed a vault guard
 17525 | D        | Noticed a naga warrior
 17529 | D        | Killed a vault guard
 17530 | D        | Reached XP level 13. HP: 68/76 MP: 23/35
 17985 | D        | Received a gift from Sif Muna
 17986 | D        | Reached skill level 5 in Armour
 17986 | D        | Got Sif Muna's Vellum of the Morbid Figure {god gift}
 18337 | D        | Noticed a deep elf blademaster
 18340 | D        | Noticed an angel
 18355 | D        | Killed a deep elf blademaster
 18784 | D        | Killed an angel
 19105 | D        | Reached skill level 10 in Fire Magic
 19755 | D        | Found the +7 captain's cutlass {speed, disarm}
 20265 | D        | Noticed a storm dragon
 20265 | D        | Noticed a spriggan defender
 20269 | D        | Received a gift from Sif Muna
 20272 | D        | Killed a storm dragon
 20277 | D        | Killed a spriggan defender
 20278 | D        | Reached skill level 19 in Conjurations
 21116 | D        | Got Poforievo's Thoughts on the Feathery Adder {god gift}
 21122 | D        | Got the +10 dagger of Revolt {heavy, Will+ Str+4 Dex+4}
 21125 | D        | Got Alarusod's Lectures on Sandy Rime
 21214 | D        | Received a gift from Sif Muna
 21216 | D        | Got Sif Muna's Papyrus of Gases and the Blaze {god gift}
 21226 | D        | Noticed a deep elf demonologist
 21230 | D        | Killed a deep elf demonologist
 21231 | D        | Identified the +0 battleaxe of Valour {speed, *Rage rN+
                  | Str+3 Dex+4}
 21231 | D        | Noticed a vampire knight
 21236 | D        | Received a gift from Sif Muna
 21236 | D        | HP: 2/98 [something (6)]
 21236 | D        | Slain by a vampire knight

Illustrated notes

Levels and vault maps discovered:
D:        pitsprint [storerooms_1, entrance_room_1, metal_vault_6, armoury_1,
          mini_pit_1, grid_room_1, main_hall_1, silver_pit, the_coven_3,
          the_vestibule_1, steel_vault_2, golden_pit, hallway_of_sentries,
          crystal_vault_4, iron_vault_4, final_vault]

Skill      XL: |  1  2  3  4  5  6  7  8  9 10 11 12 13 |
---------------+----------------------------------------+-----
Fighting       | 2 4 5 6 7 |  7.0
Short Blades   | 3 4 5 6 7 9 10 | 10.0
Dodging        | 3 7 10 | 10.0
Stealth        | 4 5 6 7 9 10 12 13 | 13.0
Spellcasting   | 5 6 7 8 10 11 12 14 16 18 | 18.3
Conjurations   | 3 4 5 6 8 9 11 15 17 18 19 | 19.4
Transmutations | 3 4 5 6 7 8 9 10 | 10.0
Earth Magic    | 5 7 8 10 12 14 15 17 18 | 18.3
Necromancy     | 4 7 10 13 | 13.1
Fire Magic     | 6 9 11 | 11.7
Armour         | 4 7 |  7.6

Action                     |  1- 3 |  4- 6 |  7- 9 | 10-12 | 13-15 || total
---------------------------+-------+-------+-------+-------+-------++-------
  Melee: Dagger            |       |     1 |    16 |     7 |    11 ||    35
   Cast: Sandblast         |     3 |     8 |     2 |    11 |       ||    24
         Stone Arrow       |       |    18 |    57 |    71 |     8 ||   154
         Iron Shot         |       |       |       |    69 |    32 ||   101
         Magic Dart        |       |       |       |    35 |       ||    35
         Iskenderun's Batt |       |       |       |     9 |       ||     9
         Petrify           |       |       |       |    16 |       ||    16
         Borgnjor's Vile C |       |       |       |    26 |    21 ||    47
         Lee's Rapid Decon |       |       |       |       |     5 ||     5
         Statue Form       |       |       |       |       |     1 ||     1
 Invoke: Channel Magic     |       |       |       |       |     4 ||     4
    Use: Potion            |       |       |     6 |    10 |     9 ||    25
         Scroll            |       |       |     1 |     2 |     2 ||     5
   Stab: Sleeping          |       |     1 |       |     1 |       ||     2
         Invisible         |       |       |     3 |       |       ||     3
         Petrified         |       |       |       |     1 |       ||     1
 Armour: Robe              |       |       |    10 |    32 |       ||    42
         Acid dragon scale |       |       |       |     4 |    17 ||    21
         Skin              |       |       |       |       |    12 ||    12
  Dodge: Dodged            |       |     3 |    41 |    71 |    56 ||   171
